 Dungeon Crawl Stone Soup version 0.29.1-1-gd02db6906a (webtiles) character file.

Game seed: 15739500865915588264

1486 juncz the Chiller (level 8, -3/60 HPs)
             Began as a Gnoll Ice Elementalist on Sept 29, 2022.
             Was an Initiate of Ashenzari.
             Slain by a two-headed ogre
             ... wielding a +0 giant spiked club
              (22 damage)
             ... on level 5 of the Dungeon.
             The game lasted 00:20:01 (5840 turns).

juncz the Chiller (Gnoll Ice Elementalist)          Turns: 5840, Time: 00:20:02

Health: -3/60      AC: 11    Str: 12    XL:     8   Next: 80%
Magic:  8/17       EV: 18    Int: 17    God:    Ashenzari [......]
Gold:   382        SH:  0    Dex: 15    Spells: 11/19 levels left

rFire   . . .      SeeInvis +   s - +10 hand axe of Turmoil {freeze, Str+4 Dex+3 SInv}
rCold   . . .      Faith    .   (no shield)
rNeg    . . .      Spirit   .   a - +0 robe
rPois   .          Reflect  .   (no helmet)
rElec   .          Harm     .   i - +0 cloak
rCorr   .          Rampage  .   (no gloves)
Will    .....                   (no boots)
Stlth   +++.......              (no amulet)
HPRegen 0.20/turn               v - +4 ring of evasion
MPRegen 0.15/turn               (no ring)

@: ice-armoured, freezing walls
A: fangs 1, strong nose, distributed training
a: Renounce Religion


You were on level 5 of the Dungeon.
You worshipped Ashenzari.
Ashenzari was noncommittal.
You visited 2 branches of the dungeon, and saw 6 of its levels.

You collected 382 gold pieces.

Inventory:

Hand Weapons
 b - a +1 dagger of venom
 j - a +0 dagger
 s - the +10 hand axe of Turmoil (weapon) {freeze, Str+4 Dex+3 SInv}
   (You found it on level 3 of the Dungeon)

   It freezes those it strikes, dealing additional cold damage.
   It can also slow down cold-blooded creatures.
   Str:       It affects your strength (+4).
   Dex:       It affects your dexterity (+3).
   SInv:      It lets you see invisible.
Missiles
 f - 3 datura-tipped darts
 g - 41 stones
 t - 14 poisoned darts
Armour
 a - a +0 robe (worn)
 i - a +0 cloak (worn)
 o - an orb of energy
 q - a +0 buckler
 x - the +1 leather armour "Xeru" {Will+}
   (You found it on level 4 of the Dungeon)

   Will:      It increases your willpower.
Magical Staves
 C - a staff of cold
Jewellery
 v - a +4 ring of evasion (left hand)
Wands
 y - a wand of quicksilver (9)
Scrolls
 c - 3 scrolls of teleportation {unknown}
 d - 3 scrolls of immolation {unknown}
 k - 5 scrolls of identify {unknown}
 l - 2 scrolls of amnesia {unknown}
 p - 2 scrolls of poison {unknown}
 r - 4 scrolls of fear {unknown}
 u - a scroll of butterflies {unknown}
 B - a scroll of noise {unknown}
Potions
 e - a potion of brilliance {unknown}
 h - 2 potions of heal wounds {unknown}
 m - a potion of lignification {unknown}
 n - a potion of attraction {unknown}
 w - a potion of berserk rage {unknown}
 z - 2 potions of haste {unknown}
 A - a potion of curing
 D - a potion of flight {unknown}


   Skills:
 + Level 3.7 Fighting
 + Level 3.7 Short Blades
 + Level 3.7 Long Blades
 + Level 3.7 Axes
 + Level 3.7 Maces & Flails
 + Level 3.7 Polearms
 + Level 3.7 Staves
 + Level 3.7 Ranged Weapons
 + Level 3.7 Throwing
 + Level 3.7 Armour
 + Level 6.0 Dodging
 + Level 5.6 Stealth
 + Level 3.7 Shields
 + Level 3.7 Unarmed Combat
 + Level 6.3 Spellcasting
 + Level 3.0 Conjurations
 + Level 3.0 Hexes
 + Level 3.0 Summonings
 + Level 3.0 Necromancy
 + Level 3.0 Translocations
 + Level 3.0 Transmutations
 + Level 3.0 Fire Magic
 + Level 7.8 Ice Magic
 + Level 3.0 Air Magic
 + Level 3.0 Earth Magic
 + Level 3.0 Poison Magic
 + Level 4.1 Invocations
 + Level 3.7 Evocations


You had 11 spell levels left.
You knew the following spells:

 Your Spells              Type           Power      Damage    Failure   Level
a - Freeze                Ice            100%       1d11      1%          1
b - Frozen Ramparts       Ice            64%        1d10      1%          3
c - Ozocubu's Armour      Ice            32%        N/A       1%          3
d - Sandblast             Erth           30%        2d9       3%          1

Your spell library contained the following spells:

 Spells                   Type           Power      Damage    Failure   Level
 Passwall                 Tmut/Erth      12%        N/A       5%          2
 Portal Projectile        Hex/Tloc       30%        N/A       11%         3
 Stone Arrow              Conj/Erth      30%        3d8       11%         3
 Tukima's Dance           Hex            15%        N/A       11%         3
 Hailstorm                Conj/Ice       23%        3d7       13%         4
 Blade Hands              Tmut           7%         N/A       69%         5


Dungeon Overview and Level Annotations

Branches:
Dungeon (5/15)             Temple (1/1) D:5

Altars:
Ashenzari
Cheibriados
Dithmenos
Elyvilon
Fedhas
Gozag
Hepliaklqana
Kikubaaqudgha
Makhleb
Nemelex Xobeh
Okawaru
Qazlal
Sif Muna
Uskayaw
Vehumet
Wu Jian
Xom
Yredelemnul

Shops:
D:4 (


Innate Abilities, Weirdness & Mutations

You have very sharp teeth.
Your uncanny sense of smell can sniff out nearby items.
Your experience applies equally to all skills.


Message History

The walls around you are covered in ice.
The wall freezes the two-headed ogre!
The two-headed ogre hits you with a +0 giant spiked club!!
The two-headed ogre hits you with a +0 giant club!!
Casting: Frozen Ramparts (safe; 1% risk of failure)
Confirm with . or Enter, or press ? or * to list all spells.
Aiming: Freeze (safe; 1% risk of failure)
Press: ? - help, Shift-Dir - straight line, f - two-headed ogre
Aim: a two-headed ogre, wielding a +0 giant spiked club and a +0 giant club (lightly wounded)
You freeze the two-headed ogre.
The two-headed ogre is moderately wounded.
The wall freezes the two-headed ogre.
The two-headed ogre misses you. The two-headed ogre closely misses you.
Casting: Freeze (safe; 1% risk of failure)
Confirm with . or Enter, or press ? or * to list all spells.
Aiming: Freeze (safe; 1% risk of failure)
Press: ? - help, Shift-Dir - straight line, f/p - two-headed ogre
Aim: a two-headed ogre, wielding a +0 giant spiked club and a +0 giant club (moderately wounded)
You freeze the two-headed ogre!
The two-headed ogre is heavily wounded.
Casting: Freeze (safe; 1% risk of failure)
Confirm with . or Enter, or press ? or * to list all spells.
Aiming: Freeze (safe; 1% risk of failure)
Press: ? - help, Shift-Dir - straight line, f/p - two-headed ogre
Aim: a two-headed ogre, wielding a +0 giant spiked club and a +0 giant club (heavily wounded)
You freeze the two-headed ogre.
The two-headed ogre is heavily wounded.
The wall freezes the two-headed ogre.
The two-headed ogre completely misses you.
The two-headed ogre hits you with a +0 giant club.
Casting: Freeze (safe; 1% risk of failure)
Confirm with . or Enter, or press ? or * to list all spells.
Aiming: Freeze (safe; 1% risk of failure)
Press: ? - help, Shift-Dir - straight line, f/p - two-headed ogre
Aim: a two-headed ogre, wielding a +0 giant spiked club and a +0 giant club (severely wounded)
You freeze the two-headed ogre!
The two-headed ogre is almost dead.
The wall freezes the two-headed ogre.
The two-headed ogre hits you with a +0 giant spiked club!!
You die...

........######....
...#.######.....
#..##.....#... #
##.....########
...#######...####
............##
#####
....8.#.#>..#
#.... ..._O
#.##### #.###
#...8.#@# #.#..
#...O.# #.#.#
####### #.'.#
###.# #.. ### # #


You could see a two-headed ogre.

Vanquished Creatures
  Grinder (D:3)
  Sigmund (D:4)
  Edmund (D:4)
  A black bear (D:5)
  2 necrophages
  2 scorpions (D:5)
  5 bullfrog zombies (D:5)
  A gnoll bouda (D:4)
  Ijyb (D:4)
  2 iguanas
  A howler monkey zombie (D:5)
  Robin (D:3)
  12 gnolls
  12 adders
  An ufetubus (D:4)
  2 worms (D:2)
  3 dart slugs
  8 orcs
  9 endoplasms
  6 giant cockroaches
  16 goblins
  15 hobgoblins
  10 jackals
  3 quokkas
  6 ball pythons
  3 bats
  12 frilled lizards
  5 kobolds
  6 rats
  A spectral orc (D:5)
149 creatures vanquished.

Vanquished Creatures (others)
  11 fungi (D:3)
  4 plants (D:2)
  4 toadstools (D:3)
19 creatures vanquished.

Grand Total: 168 creatures vanquished

Notes
Turn   | Place    | Note
-------+----------+-------------------------------------------
     0 | D:1      | juncz the Gnoll Ice Elementalist began the quest for the
                  | Orb.
     0 | D:1      | Reached XP level 1. HP: 13/13 MP: 6/6
   325 | D:1      | Reached XP level 2. HP: 19/19 MP: 3/7
   752 | D:1      | Reached skill level 5 in Spellcasting
   752 | D:1      | Reached XP level 3. HP: 25/25 MP: 2/9
   756 | D:1      | Learned a level 3 spell: Frozen Ramparts
   760 | D:1      | Learned a level 3 spell: Ozocubu's Armour
   762 | D:1      | Learned a level 1 spell: Sandblast
   951 | D:1      | Found a faded altar of an unknown god.
  1225 | D:2      | Reached skill level 1 in Invocations
  1303 | D:2      | Reached skill level 1 in Fighting
  1303 | D:2      | Reached skill level 1 in Short Blades
  1303 | D:2      | Reached skill level 1 in Long Blades
  1303 | D:2      | Reached skill level 1 in Axes
  1303 | D:2      | Reached skill level 1 in Maces & Flails
  1303 | D:2      | Reached skill level 1 in Polearms
  1303 | D:2      | Reached skill level 1 in Staves
  1303 | D:2      | Reached skill level 1 in Ranged Weapons
  1303 | D:2      | Reached skill level 1 in Throwing
  1303 | D:2      | Reached skill level 1 in Armour
  1303 | D:2      | Reached skill level 1 in Shields
  1303 | D:2      | Reached skill level 1 in Unarmed Combat
  1303 | D:2      | Reached skill level 1 in Evocations
  1338 | D:2      | Reached XP level 4. HP: 24/32 MP: 1/11
  1565 | D:2      | Reached skill level 1 in Conjurations
  1565 | D:2      | Reached skill level 1 in Hexes
  1565 | D:2      | Reached skill level 1 in Summonings
  1565 | D:2      | Reached skill level 1 in Necromancy
  1565 | D:2      | Reached skill level 1 in Translocations
  1565 | D:2      | Reached skill level 1 in Transmutations
  1565 | D:2      | Reached skill level 1 in Fire Magic
  1565 | D:2      | Reached skill level 1 in Air Magic
  1565 | D:2      | Reached skill level 1 in Earth Magic
  1565 | D:2      | Reached skill level 1 in Poison Magic
  2148 | D:3      | Reached XP level 5. HP: 37/37 MP: 6/12
  2254 | D:3      | Noticed Robin
  2268 | D:3      | Killed Robin
  2419 | D:3      | Identified the +10 hand axe of Turmoil {freeze, Str+4 Dex+3
                  | SInv}
  2529 | D:3      | Found a shadowy altar of Dithmenos.
  2923 | D:3      | Noticed Grinder
  2957 | D:3      | Paralysed by Grinder for 4 turns
  2966 | D:3      | Killed Grinder
  2967 | D:3      | Reached skill level 5 in Dodging
  2967 | D:3      | Reached XP level 6. HP: 2/44 MP: 1/14
  3362 | D:3      | Found a burning altar of Makhleb.
  3362 | D:3      | Found a stormy altar of Qazlal.
  3369 | D:3      | Found an iron altar of Okawaru.
  3371 | D:3      | Found a faded altar of an unknown god.
  3373 | D:3      | Found an ancient bone altar of Kikubaaqudgha.
  3601 | D:4      | Noticed Sigmund
  3670 | D:4      | Killed Sigmund
  3671 | D:4      | Reached skill level 5 in Stealth
  3671 | D:4      | Reached XP level 7. HP: 41/51 MP: 1/15
  4166 | D:4      | Noticed Edmund
  4191 | D:4      | Killed Edmund
  4192 | D:4      | Reached XP level 8. HP: 40/58 MP: 1/16
  4397 | D:4      | Identified the +1 leather armour "Xeru" {Will+}
  4411 | D:4      | Found Dipp's Weapon Boutique.
  4424 | D:4      | Noticed Ijyb
  4431 | D:4      | Killed Ijyb
  4864 | D:5      | Entered Level 5 of the Dungeon
  5139 | D:5      | Found a basalt altar of Yredelemnul.
  5317 | D:5      | Found a hazy altar of Hepliaklqana.
  5385 | D:5      | Found a shimmering blue altar of Sif Muna.
  5522 | D:5      | Found a staircase to the Ecumenical Temple.
  5530 | Temple   | Entered the Ecumenical Temple
  5756 | Temple   | Became a worshipper of Ashenzari the Shackled
  5828 | D:5      | Found an opulent altar of Gozag.
  5832 | D:5      | Noticed a two-headed ogre
  5840 | D:5      | Slain by a two-headed ogre

Illustrated notes

Levels and vault maps discovered:
D:1:      dpeg_chamrin_arrival_tetris, layout_basic,
          hellmonk_ecumenical_altar_defaced_shrine
D:2:      layout_rooms, grunt_decor_fettered, minmay_lizard_king
D:3:      layout_rooms, nicolae_dithmenos_shadow_blocks,
          chequers_temple_overflow_minitemple, mrwooster_statue_mirror,
          kennysheep_flooded_box, minmay_gold_behind_fungi,
          minmay_misc_feat_four_crosses, moated_statue, uniq_grinder, uniq_robin
D:4:      layout_rooms, serial_shops, nicolae_shop_bloodbath_and_beyond,
          uniq_ijyb, uniq_edmund, uniq_sigmund
D:5:      layout_rooms, nicolae_yredelemnul_corpse_copse,
          nicolae_hepliaklqana_monster_ancestors, mainiacjoe_overflow_alcove_2,
          minmay_temple_entry_glassed_door, hangedman_feature_mirror,
          nrook_mini_vaults, wad_woods_river_04
Temple:   compressed_dpeg_triangle_lava_temple

Skill      XL: |  1  2  3  4  5  6  7  8 |
---------------+-------------------------+-----
Spellcasting   | 5 6 |  6.3
Invocations    | 1 2 3 4 |  4.1
Fighting       | 1 2 3 |  3.7
Short Blades   | 1 2 3 |  3.7
Long Blades    | 1 2 3 |  3.7
Axes           | 1 2 3 |  3.7
Maces & Flails | 1 2 3 |  3.7
Polearms       | 1 2 3 |  3.7
Staves         | 1 2 3 |  3.7
Ranged Weapons | 1 2 3 |  3.7
Throwing       | 1 2 3 |  3.7
Armour         | 1 2 3 |  3.7
Shields        | 1 2 3 |  3.7
Unarmed Combat | 1 2 3 |  3.7
Evocations     | 1 2 3 |  3.7
Conjurations   | 1 2 3 |  3.0
Hexes          | 1 2 3 |  3.0
Summonings     | 1 2 3 |  3.0
Necromancy     | 1 2 3 |  3.0
Translocations | 1 2 3 |  3.0
Transmutations | 1 2 3 |  3.0
Fire Magic     | 1 2 3 |  3.0
Air Magic      | 1 2 3 |  3.0
Earth Magic    | 1 2 3 |  3.0
Poison Magic   | 1 2 3 |  3.0
Dodging        | 5 6 |  6.0
Stealth        | 5 |  5.6
Ice Magic      | |  7.8

Action                   |  1- 3 |  4- 6 |  7- 9 || total
-------------------------+-------+-------+-------++-------
Melee: Unarmed           |     2 |       |       ||     2
       Bite              |     1 |     2 |     4 ||     7
       Dagger            |     8 |     5 |       ||    13
       Hand axe          |       |    16 |    70 ||    86
       Punch             |       |       |     1 ||     1
Throw: Stone             |       |     1 |     6 ||     7
       Dart              |       |       |     2 ||     2
 Cast: Freeze            |    48 |    41 |    34 ||   123
       Frozen Ramparts   |     2 |    22 |    19 ||    43
       Sandblast         |       |     7 |       ||     7
       Ozocubu's Armour  |       |     6 |     8 ||    14
  Use: Potion            |       |     1 |       ||     1
 Stab: Sleeping          |       |       |     4 ||     4
       Distracted        |       |       |     1 ||     1
Armor: Robe              |     6 |     5 |    15 ||    26
Dodge: Dodged            |    24 |    30 |    78 ||   132
